 Dungeon Crawl Stone Soup version 0.18-a0-1789-gbeff17f (webtiles) character file.

808 M4edhros the Martial Artist (level 7, -6/45 HPs)
             Began as an Octopode Necromancer on Apr 20, 2016.
             Was an Initiate of Cheibriados.
             Mangled by a centaur (8 damage)
             ... on level 8 of the Dungeon on Apr 21, 2016.
             The game lasted 00:30:46 (2119 turns).

M4edhros the Martial Artist (Octopode Necromancer)  Turns: 2119, Time: 00:30:47

Health: -6/45      AC:  1    Str:  8    XL:     7   Next: 92%
Magic:  2/10       EV: 12    Int: 23    God:    Cheibriados [......]
Gold:   116        SH:  0    Dex: 15    Spells: 2 memorised, 6 levels left

rFire  . . .     SeeInvis .     d - +0 dagger (venom)
rCold  . . .     Gourm    .     (no shield)
rNeg   . . .     Faith    .     (helmet restricted)
rPois  .         Spirit   .     (no amulet)
rElec  .         Dismiss  .     g - +4 ring of intelligence
rCorr  .         Reflect  .     j - ring of flight
SustAt .         Harm     .     (no ring)
MR     .....                    (no ring)
Stlth  +++.......               (no ring)
                                (no ring)
                                (no ring)
                                (no ring)

@: very slow, not resistant to hostile enchantments, fairly stealthy
A: almost no armour, amphibious, 8 rings, constrict 8, camouflage 1, sense
surroundings 1, regeneration 1, robust 1, gelatinous body 1
a: Bend Time, Renounce Religion, Evoke Flight


You were on level 8 of the Dungeon.
You worshipped Cheibriados.
Cheibriados was noncommittal.
You were very hungry.

You visited 2 branches of the dungeon, and saw 10 of its levels.

You collected 116 gold pieces.

Inventory:

Hand Weapons
 d - a +0 dagger of venom (weapon)
Missiles
 c - 13 javelins (quivered)
 f - 84 stones
Jewellery
 g - a +4 ring of intelligence (left tentacle)
 j - a ring of flight (right tentacle)
Wands
 p - a wand of random effects (25/48)
Scrolls
 h - 2 scrolls of noise
 l - 2 scrolls of amnesia
 n - a scroll of enchant armour {unknown}
 o - 3 scrolls of brand weapon {unknown}
 q - a scroll of remove curse
Books
 a - a book of Necromancy

   Spells                             Type                      Level
   a - Pain                           Necromancy                   1
   b - Animate Skeleton               Necromancy                   1
   c - Vampiric Draining              Necromancy                   3
   d - Regeneration                   Charms/Necromancy            3
   e - Animate Dead                   Necromancy                   4
   f - Control Undead                 Necromancy                   4
Comestibles
 b - a bread ration
 i - a meat ration
 m - 2 chunks of flesh
 r - a royal jelly


   Skills:
 - Level 2.0 Dodging
 - Level 2.6 Stealth
 + Level 8.5 Unarmed Combat
 - Level 2.0 Spellcasting
 - Level 4.0 Necromancy


You had 6 spell levels left.
You knew the following spells:

 Your Spells              Type           Power        Failure   Level  Hunger
a - Pain                  Necr           ###.         2%          1    #......
b - Regeneration          Chrm/Necr      ##........   17%         3    ###....


Dungeon Overview and Level Annotations

Branches:
Dungeon (9/15)             Temple (1/1) D:7
   Lair: D:8-11         Orc: D:9-12

Altars:
Ashenzari
Cheibriados
Dithmenos
Elyvilon
Fedhas
Kikubaaqudgha
Nemelex Xobeh
Okawaru
Ru
Sif Muna
Trog
Vehumet
Xom
Zin
The Shining One


Innate Abilities, Weirdness & Mutations

You cannot wear most types of armour.
You are amphibious.
You can wear up to eight rings at the same time.
You can use your tentacles to constrict eight enemies at once.
Your skin changes colour to match your surroundings (Stealth).
Your rubbery body absorbs attacks (AC +1).
You passively map a small area around you.
Your natural rate of healing is unusually fast.
You are robust (+10% HP).


Message History

The kobold hits you with a short sword. The centaur hits you!
* * * LOW HITPOINT WARNING * * *
The kobold closely misses you.
Drink which item? (? for menu, Esc to quit)
You feel better. The centaur barely misses you.
The kobold hits you with a short sword. The kobold hits you.
The centaur closely misses you.
You hit the centaur but do no damage.
The centaur is almost dead.
The kobold misses you. The centaur hits you. The kobold hits you.
You barely miss the centaur.
The centaur is almost dead.
The centaur hits you!
* * * LOW HITPOINT WARNING * * *
The kobold hits you with a short sword.
* * * LOW HITPOINT WARNING * * *
The kobold hits you.
* * * LOW HITPOINT WARNING * * *
The centaur hits you!
You die...

, .. , * * ##
..,, * * , #< .#
, , * , #. .# ,
#. .# , * * *
#$#.####.c ,, ,
#......... *
*.###.##c#####.#
....(.(@K.....#
,
#.####.K.......,
* * * *
#........# ,
#........#
,*#.....$..# ,
#........#
#(........ * *
#.......## ,


You could see a centaur and 2 kobolds.

Vanquished Creatures
  2 ogres
  A big kobold (D:9)
  2 giant frogs
  A scorpion (D:5)
  An orc priest (D:3)
  A hound (D:5)
  3 orc wizards (D:3)
  A giant frog skeleton (D:4)
  An iguana (D:4)
  2 worker ants
  A hound zombie (D:7)
  4 gnolls (D:9)
  2 adders (D:5)
  An adder zombie (D:7)
  An adder skeleton (D:7)
  3 worms (D:2)
  2 dart slugs
  4 giant geckos
  11 orcs (D:3)
  A giant cockroach (D:2)
  4 goblins
  7 hobgoblins
  2 jackals (D:1)
  6 kobolds
  A quokka (D:2)
  7 bats
  3 giant newts
  6 rats
81 creatures vanquished.

Vanquished Creatures (others)
  2 fungi (D:3)
2 creatures vanquished.

Grand Total: 83 creatures vanquished

Notes
Turn   | Place    | Note
--------------------------------------------------------------
     0 | D:1      | M4edhros the Octopode Necromancer began the quest for the Orb.
     0 | D:1      | Reached XP level 1. HP: 11/11 MP: 3/3
    88 | D:1      | Gained mutation: You passively map a small area around you. [potion of beneficial mutation]
   108 | D:1      | Reached skill level 1 in Unarmed Combat
   126 | D:2      | Found a shadowy altar of Dithmenos.
   158 | D:1      | Reached XP level 2. HP: 13/17 MP: 0/5
   220 | D:1      | Reached skill level 2 in Unarmed Combat
   447 | D:1      | Reached XP level 3. HP: 13/21 MP: 3/6
   636 | D:3      | Learned a level 3 spell: Regeneration
   657 | D:4      | Reached skill level 3 in Unarmed Combat
   657 | D:4      | Reached XP level 4. HP: 8/27 MP: 2/7
   694 | D:4      | Noticed a phantom
   826 | D:3      | Found a blossoming altar of Fedhas.
   859 | D:3      | Reached skill level 4 in Unarmed Combat
   891 | D:3      | Upgraded the game from 0.18-a0-1788-g92de1ac to 0.18-a0-1789-gbeff17f
   936 | D:2      | Found a sacrificial altar of Ru.
  1136 | D:2      | Reached XP level 5. HP: 14/31 MP: 1/8
  1210 | D:3      | Found a glowing golden altar of the Shining One.
  1279 | D:3      | Reached skill level 5 in Unarmed Combat
  1503 | D:5      | Entered Level 5 of the Dungeon
  1504 | D:5      | Gained mutation: You are robust (+10% HP). [potion of mutation]
  1504 | D:5      | Gained mutation: Your natural rate of healing is unusually fast. [potion of mutation]
  1549 | D:4      | Reached XP level 6. HP: 30/39 MP: 4/9
  1572 | D:5      | Reached skill level 6 in Unarmed Combat
  1622 | D:5      | Found a white marble altar of Elyvilon.
  1726 | D:6      | Found a bloodstained altar of Trog.
  1772 | D:6      | Reached skill level 7 in Unarmed Combat
  1772 | D:6      | Reached XP level 7. HP: 28/45 MP: 6/10
  1814 | D:7      | Found a sparkling altar of Nemelex Xobeh.
  1829 | D:7      | Found a radiant altar of Vehumet.
  1847 | D:7      | Found a staircase to the Ecumenical Temple.
  1866 | Temple   | Entered the Ecumenical Temple
  1888 | Temple   | Became a worshipper of Cheibriados the Contemplative
  1990 | D:9      | Reached skill level 8 in Unarmed Combat
  2119 | D:8      | HP: 2/45 [kobold (1)]
  2119 | D:8      | Mangled by a centaur

Vault maps used:
D:1:      sevenhm_arrival_forest_fort_large_2
D:2:      nicolae_dithmenos_shadow_blocks, lemuel_crystal_altar, moated_statue
D:3:      fedhas_altar_3, lemuel_coloured_pillars_altar,
          nicolae_underground_beach
D:4:      first_bread
D:5:      kennysheep_little_box, minivault_14
D:6:      lemuel_crystal_altar, nicolae_overflow_crystal_walls, basic_altar,
          hangedman_decor_slide_cut
D:7:      vehumet_altar_wand_db, lemuel_round_altar,
          minmay_temple_entry_nine_rooms, basic_altar
D:9:      nicolae_qazlal_eye_of_the_storm, grunt_gozag_breadcrumbs,
          old_standard_altar
Temple:   minmay_temple_bridge_a_8

Skill      XL: |  1  2  3  4  5  6  7 |
---------------+----------------------+-----
Unarmed Combat | 1 2 3 4 5 7 8 |  8.5
Dodging        | |  2.0
Stealth        | |  2.6
Spellcasting   | |  2.0
Necromancy     | |  4.0

Action                   |  1- 3 |  4- 6 |  7- 9 || total
-------------------------+-------+-------+-------++-------
Melee: Unarmed           |    23 |    35 |       ||    58
       Constrict         |     7 |    24 |    10 ||    41
       Punch             |     1 |     5 |     4 ||    10
       Tentacles         |     5 |    11 |    13 ||    29
       Dagger            |       |    66 |    52 ||   118
Throw: Javelin           |       |     1 |       ||     1
 Cast: Pain              |    30 |    39 |     7 ||    76
       Regeneration      |     2 |    15 |     7 ||    24
  Use: Potion            |     4 |     2 |     4 ||    10
       Scroll            |       |     8 |     1 ||     9
 Stab: Sleeping          |     2 |     1 |       ||     3
  Eat: Chunk             |       |     6 |     1 ||     7
Armor: Skin              |     3 |     4 |     4 ||    11
Dodge: Dodged            |    13 |    44 |    67 ||   124
